 Dungeon Crawl Stone Soup version 0.20-a0-540-ge6d1839 (webtiles) character file.

94645 Colliwobble the Severer (level 15, -5/144 HPs)
             Began as a Minotaur Berserker on Jan 27, 2017.
             Was a High Priest of Trog.
             Slain by a salamander
             ... wielding a +0 spear
              (6 damage)
             ... on level 2 of the Snake Pit on Jan 31, 2017.
             The game lasted 01:29:27 (28581 turns).

Colliwobble the Severer (Minotaur Berserker)       Turns: 28581, Time: 01:29:28

Health: -5/144     AC: 20    Str: 26    XL:     15   Next: 64%
Magic:  0/14       EV: 16    Int:  4    God:    Trog [*****.]
Gold:   1700       SH:  0    Dex: 15    Spells: 14/14 levels left

rFire    + . .     SeeInvis +   G - +7 broad axe (drain)
rCold    . . .     Gourm    .   D - +0 swamp dragon scales
rNeg     . . .     Faith    .   (no shield)
rPois    +         Spirit   +   T - +2 hat
rElec    .         Reflect  .   x - +0 cloak
rCorr    .         Harm     .   Z - +1 pair of gloves {Dex+3}
MR       +....                  O - +0 pair of boots {run}
Stlth    +.........             Q - amulet of guardian spirit
Regen    0.4/turn               u - ring of protection from fire
                                e - ring of see invisible

@: exhausted, slowed, very slow
A: retaliatory headbutt, horns 2
a: Berserk, Trog's Hand, Brothers in Arms, Burn Spellbooks, Renounce Religion


You were on level 2 of the Snake Pit.
You worshipped Trog.
Trog was extremely pleased with you.
You were hungry.

You visited 6 branches of the dungeon, and saw 22 of its levels.
You also visited: Sewer and Volcano.

You collected 2052 gold pieces.
You spent 352 gold pieces at shops.

Inventory:

Hand Weapons
 a - the +5 scythe "Finisher" {speed, Str+3}
   (Trog gifted it to you on level 1 of the Snake Pit)

   Attacks with this weapon are significantly faster.
   It affects your strength (+3).
 b - the +10 arbalest of Circularity {venom, MR+}
   (Trog gifted it to you on level 1 of the Orcish Mines)

   It poisons the ammo it fires.
   It affects your resistance to hostile enchantments.
 G - a +7 broad axe of draining (weapon)
 H - a +0 scimitar of flaming
Missiles
 g - 93 bolts
Armour
 x - a +0 cloak (worn)
 D - +0 swamp dragon scales (worn)
 I - a +0 plate armour
 O - a +0 pair of boots of running (worn)
 T - a +2 hat (worn)
 Z - a +1 pair of gloves of dexterity (worn)
Jewellery
 e - a ring of see invisible (left hand)
 u - a ring of protection from fire (right hand)
 L - an uncursed ring of flight
 Q - an amulet of guardian spirit (around neck)
 V - an uncursed amulet of regeneration {unknown}
 X - an uncursed ring of positive energy
Wands
 v - a wand of lightning (7/15)
 K - a wand of acid (4/15)
 M - a wand of acid (12/15)
 S - a wand of digging (10/24)
Scrolls
 j - a scroll of magic mapping
 k - 6 scrolls of teleportation
 n - 3 scrolls of fear
 p - 4 scrolls of recharging
 t - 10 scrolls of remove curse
 w - a scroll of immolation {unknown}
 y - a scroll of enchant armour
 z - 5 scrolls of enchant weapon
 F - a scroll of acquirement {unknown}
 J - 2 scrolls of random uselessness {unknown}
 P - a scroll of identify
 R - a scroll of blinking
 U - a scroll of fog
Potions
 d - a potion of ambrosia
 f - 3 potions of might
 h - 4 potions of haste
 m - 12 potions of curing
 o - 2 potions of brilliance
 q - 3 potions of agility
 r - 6 potions of flight
 s - 5 potions of cure mutation
 A - 2 potions of invisibility
 B - 4 potions of heal wounds
 Y - 2 potions of cancellation
Books
 N - a book of Summonings

   Spells                             Type                      Level
   a - Recall                         Summoning/Translocation      3
   b - Aura of Abjuration             Summoning                    5
   c - Summon Demon                   Summoning                    5
   d - Summon Forest                  Summoning/Translocation      5
   e - Summon Mana Viper              Hexes/Summoning              5
   f - Shadow Creatures               Summoning                    6
   Trog disapproves of the use of such an item.
Miscellaneous
 E - a phial of floods
Comestibles
 c - 13 bread rations
 i - 10 meat rations
 l - 9 royal jellies
 C - 20 fruits
 W - 2 chunks of flesh


   Skills:
 + Level 16.2 Fighting
 - Level 18.4 Axes
   Level 7.8 Bows
 - Level 9.0 Crossbows
 + Level 15.8 Armour
 - Level 8.1 Dodging


You had 14 spell levels left.
You didn't know any spells.

Dungeon Overview and Level Annotations

Branches:
Dungeon (9/15)             Temple (1/1) D:4            Lair (5/6) D:9
  Swamp (3/4) Lair:3        Snake (2/4) Lair:4          Orc (2/2) D:9
    Elf (0/3) Orc:2
  Slime: Lair:5-6

Altars:
Ashenzari
Cheibriados
Dithmenos
Elyvilon
Fedhas
Gozag
Hepliaklqana
Kikubaaqudgha
Makhleb
Nemelex Xobeh
Okawaru
Qazlal
Ru
Sif Muna
Trog
Uskayaw
Vehumet
Xom
Yredelemnul
Zin
The Shining One
Beogh

Shops:
Orc:2 !}*:

Annotations:
Lair:5 exclusion: oklob plant


Innate Abilities, Weirdness & Mutations

You reflexively headbutt those who attack you in melee.
You have a pair of horns on your head.


Message History

The naga warrior blocks your attack.
You headbutt the naga warrior, but do no damage.
The naga warrior is severely wounded.
Your skin stops crawling.
You feel less resistant to hostile enchantments.
You slice the naga warrior!! You drain the naga warrior!
You kill the naga warrior!
Trog accepts your kill.
You feel a strong urge to attack something.
You feel your anger subside.
You are no longer berserk.
You are exhausted.
You feel yourself slow down.
A salamander comes into view. It is wielding a spear.
Your iron troll goes berserk!
You are feeling hungry.
The salamander hits you but does no damage.
The salamander hits you from afar with a spear!
* * * LOW HITPOINT WARNING * * *
You are engulfed in flames.
You resist.
You die...

≈≈≈≈≈≈≈ #.#.# #+# #.# ≈≈≈≈≈≈##
#.#.# #.# #.# #≈≈≈≈≈≈###.#.# #.#
# #.# #≈≈≈≈≈≈≈##.#.# #.# #.#.#
≈≈≈≈≈≈≈≈≈#.#.# #.#####.#.#
≈≈≈≈≈≈≈≈÷#†#.####.......#.#######
................N................
.)(.(...)......T.#####....#####.#
##.≈≈≈≈≈##.#####@# #.##.# #.#
#(#≈#≈###.# #.## #.##^# #.#
#'##### #.# #..# #....# #.. ....#
#.# ##.## ###..####### ....# #.#
#..# #........... ....# #.# ##.#
#.#..###### ..... ..# #.###.#..#
#... ....N# #..##.#..# #...
.....# ##.##.#..# #..#


You could see a salamander and a friendly iron troll (berserk).

Vanquished Creatures
  Jorgrun (Swamp:3)
  Gastronok (Lair:3)
  2 thorn hunters
  6 naga warriors
  4 ghost crabs
  5 anacondas
  7 hydras
  4 alligators
  A catoblepas (Lair:5)
  5 death yaks (Lair:5)
  Urug (Lair:2)
  4 naga sharpshooters (Snake:1)
  8 orc high priests
  2 shock serpents
  4 swamp dragons
  A naga ritualist (Snake:1)
  9 sea snakes (Snake:2)
  2 spriggan druids
  A shambling mangrove (Swamp:1)
  An orc sorcerer (Orc:1)
  2 salamanders
  3 elephants (Lair:4)
  4 naga magi (Snake:1)
  11 black mambas
  A guardian serpent (Snake:2)
  2 torpor snails
  2 kobold demonologists (Swamp:2)
  14 spiny frogs
  An efreet (Volcano)
  6 rime drakes
  3 komodo dragons
  3 trolls
  2 tyrant leeches
  A polar bear (Lair:4)
  3 meliai (Lair:5)
  A queen bee (Lair:5)
  10 hornets
  8 blink frogs
  7 hippogriffs
  6 bog bodies
  A shadow (Swamp:3)
  4 wyverns
  4 spriggans
  3 hogs (D:7)
  36 yaks
  Sigmund (D:4)
  3 fire bats (Lair:5)
  3 fire elementals (Volcano)
  A human (D:7)
  2 basilisks
  A steam dragon (Lair:5)
  5 wargs
  19 vampire mosquitoes
  11 insubstantial wisps
  24 swamp worms
  14 nagas
  12 water moccasins
  10 porcupines
  Duvessa (D:6)
  A swamp drake (Swamp:2)
  8 orc warriors
  2 ice beasts (D:6)
  A sky beast (D:6)
  2 black bears
  9 ogres
  4 wolves
  A centaur (D:8)
  3 crocodiles
  10 bullfrogs
  A big kobold (Sewer)
  Dowan (D:6)
  A scorpion (D:4)
  37 killer bees
  9 wights
  6 electric eels
  2 crimson imps
  2 bullfrog zombies
  4 hounds
  A centaur skeleton (D:9)
  30 orc priests
  Crazy Yiuf (D:2)
  10 orc wizards
  4 iguanas
  3 worker ants
  A hound skeleton (D:5)
  2 worker ant zombies
  8 gnolls
  3 river rats (Sewer)
  10 adders
  3 shadow imps
  4 oozes
  An adder skeleton (D:4)
  A worm (D:2)
  A dart slug (D:1)
  6 leopard geckos
  56 orcs
  2 ball pythons
  5 giant cockroaches
  6 goblins
  7 hobgoblins
  8 jackals
  2 quokkas (D:3)
  7 bats
  5 frilled lizards
  9 kobolds
  10 rats
  4 fungi
  A plant (Lair:5)
629 creatures vanquished.

Vanquished Creatures (collateral kills)
  A bullfrog (Lair:2)
1 creature vanquished.

Vanquished Creatures (others)
  2 briar patches (Swamp:3)
  8 fungi
  4 plants
  4 toadstools (Swamp:1)
18 creatures vanquished.

Grand Total: 648 creatures vanquished

Notes
Turn   | Place    | Note
-------+----------+-------------------------------------------
     0 | D:1      | Colliwobble the Minotaur Berserker began the quest for the Orb.
     0 | D:1      | Reached XP level 1. HP: 19/19 MP: 0/0
    72 | D:1      | Reached skill level 4 in Axes
   266 | D:1      | Reached XP level 2. HP: 26/26 MP: 1/1
   293 | D:1      | Upgraded the game from 0.20-a0-531-g6a4a307 to 0.20-a0-537-g052e6ba
   453 | D:1      | Reached skill level 5 in Axes
   637 | D:2      | Reached XP level 3. HP: 31/31 MP: 2/2
   674 | D:2      | Reached ** piety under Trog
  1146 | D:2      | Found a runed door.
  1234 | D:2      | Noticed Crazy Yiuf
  1240 | D:2      | Killed Crazy Yiuf
  1240 | D:2      | Reached skill level 6 in Axes
  1240 | D:2      | Reached XP level 4. HP: 8/39 MP: 0/3
  1678 | D:3      | Reached skill level 7 in Axes
  1678 | D:3      | Reached XP level 5. HP: 37/45 MP: 4/4
  1991 | D:4      | Noticed Sigmund
  2032 | D:4      | Killed Sigmund
  2032 | D:4      | Reached skill level 8 in Axes
  2032 | D:4      | Reached XP level 6. HP: 51/51 MP: 5/5
  2193 | D:4      | Reached skill level 9 in Axes
  2193 | D:4      | Reached *** piety under Trog
  2252 | D:4      | Found a staircase to the Ecumenical Temple.
  2265 | Temple   | Entered the Ecumenical Temple
  2920 | D:4      | Upgraded the game from 0.20-a0-537-g052e6ba to 0.20-a0-540-ge6d1839
  2956 | D:4      | Reached XP level 7. HP: 17/57 MP: 6/6
  3292 | D:5      | Entered Level 5 of the Dungeon
  3459 | D:5      | Reached skill level 10 in Axes
  3775 | D:5      | Found a glowing drain.
  3789 | Sewer    | Entered a sewer
  3874 | Sewer    | Reached skill level 11 in Axes
  3894 | Sewer    | Found a glowing silver altar of Zin.
  4905 | D:6      | Reached XP level 8. HP: 66/66 MP: 7/7
  4953 | D:6      | Noticed Duvessa
  4968 | D:6      | Killed Duvessa
  4968 | D:6      | Reached **** piety under Trog
  4974 | D:6      | Noticed Dowan
  4989 | D:6      | Killed Dowan
  5107 | D:6      | Reached skill level 5 in Fighting
  5134 | D:6      | Reached skill level 5 in Armour
  5755 | D:7      | Reached XP level 9. HP: 79/79 MP: 8/8
  6960 | D:8      | Found a sacrificial altar of Ru.
  7403 | D:9      | Got a crude pewter ring
  7412 | D:8      | Identified the ring of Zoaloulu {rF+ Int+6 Dex-4} (You found it on level 9 of the Dungeon)
  7448 | D:9      | Reached skill level 12 in Axes
  7508 | D:9      | Reached XP level 10. HP: 59/91 MP: 9/9
  7863 | D:9      | Reached ***** piety under Trog
  8093 | D:9      | Got a transparent buckler
  8094 | D:9      | Identified the +2 buckler "Ipha" {Str+4 Dex+2} (You found it on level 9 of the Dungeon)
  8119 | D:9      | Found a staircase to the Orcish Mines.
  8162 | D:9      | Found a staircase to the Lair.
  8220 | Lair:1   | Entered Level 1 of the Lair of Beasts
  8602 | Lair:1   | Reached skill level 13 in Axes
  8889 | Lair:1   | Reached skill level 14 in Axes
  9095 | Lair:1   | Noticed a spiny frog
  9106 | Lair:1   | Killed a spiny frog
  9797 | Lair:2   | Noticed a torpor snail
  9824 | Lair:1   | Killed a torpor snail
  9824 | Lair:1   | Reached skill level 5 in Bows
  9824 | Lair:1   | Reached XP level 11. HP: 87/97 MP: 10/10
 10012 | Lair:2   | Noticed Urug
 10031 | Lair:2   | Killed Urug
 10599 | Lair:2   | Received a gift from Trog
 11456 | Lair:2   | Reached skill level 10 in Fighting
 11910 | Lair:3   | Reached skill level 10 in Armour
 12048 | Lair:3   | Noticed Gastronok
 12070 | Lair:3   | Killed Gastronok
 12665 | Lair:3   | Reached XP level 12. HP: 95/111 MP: 9/11
 12709 | Lair:3   | Found a staircase to the Swamp.
 13180 | Lair:3   | Noticed a four-headed hydra
 13191 | Lair:3   | Killed a seven-headed hydra
 13382 | Lair:3   | Noticed a five-headed hydra
 13395 | Lair:3   | Killed a five-headed hydra
 13671 | Lair:4   | Found a staircase to the Snake Pit.
 14008 | Lair:4   | Reached skill level 15 in Axes
 14025 | Lair:4   | Received a gift from Trog
 14064 | Lair:4   | Noticed a five-headed hydra
 14083 | Lair:4   | Killed a five-headed hydra
 14093 | Lair:4   | Noticed a seven-headed hydra
 14101 | Lair:4   | Killed a seven-headed hydra
 14524 | Lair:4   | Reached skill level 16 in Axes
 14931 | Lair:5   | Noticed a five-headed hydra
 14939 | Lair:5   | Killed a five-headed hydra
 14962 | Lair:5   | Noticed a death yak
 14963 | Lair:5   | Noticed a death yak
 14963 | Lair:5   | Noticed a death yak
 14975 | Lair:5   | Noticed a death yak
 14980 | Lair:5   | Noticed a four-headed hydra
 14983 | Lair:5   | Killed a death yak
 14987 | Lair:5   | Killed a death yak
 14987 | Lair:5   | Reached skill level 5 in Dodging
 14992 | Lair:5   | Killed a death yak
 14994 | Lair:5   | Killed a death yak
 14995 | Lair:5   | Killed a seven-headed hydra
 14995 | Lair:5   | Reached XP level 13. HP: 60/119 MP: 5/12
 15093 | Lair:5   | Found a dark tunnel.
 15104 | Volcano  | Entered a volcano
 15416 | Lair:5   | Found a burning altar of Makhleb.
 15583 | Lair:5   | Reached skill level 17 in Axes
 15755 | Lair:5   | Received a gift from Trog
 16896 | Orc:1    | Entered Level 1 of the Orcish Mines
 16903 | Orc:1    | Reached skill level 18 in Axes
 16978 | Orc:1    | Paralysed by an orc sorcerer for 4 turns
 17539 | Orc:1    | You fall through a shaft!
 17539 | Orc:2    | Entered Level 2 of the Orcish Mines
 18089 | Orc:1    | Received a gift from Trog
 18092 | Orc:1    | Got a steaming arbalest {god gift}
 18093 | Orc:1    | Identified the +10 arbalest of Circularity {venom, MR+} (Trog gifted it to you on level 1 of the Orcish Mines)
 18420 | Orc:2    | Reached skill level 1 in Crossbows
 18501 | Orc:2    | Found a staircase to the Elven Halls.
 19317 | Orc:2    | Found a roughly hewn altar of Beogh.
 19376 | Orc:2    | Found Matwom's Gadget Emporium.
 19403 | Orc:2    | Found Ehiosogh's Distillery.
 19695 | Orc:2    | Reached skill level 5 in Crossbows
 19821 | Orc:2    | Bought a potion of might for 56 gold pieces
 19821 | Orc:2    | Bought a potion of heal wounds for 70 gold pieces
 19821 | Orc:2    | Bought a potion of brilliance for 56 gold pieces
 19839 | Orc:2    | Bought a potion of curing for 42 gold pieces
 19839 | Orc:2    | Bought a potion of curing for 42 gold pieces
 19839 | Orc:2    | Bought a potion of curing for 42 gold pieces
 19867 | Orc:2    | Found Xicograu's Book Emporium.
 19867 | Orc:2    | Found Lenexumyg's Assorted Antiques.
 19902 | Orc:2    | Bought a scroll of identify for 44 gold pieces
 20496 | Swamp:1  | Entered Level 1 of the Swamp
 20853 | Swamp:1  | Noticed a thorn hunter
 20853 | Swamp:1  | Reached XP level 14. HP: 36/127 MP: 9/13
 20874 | Swamp:1  | Killed a thorn hunter
 21329 | Swamp:1  | Received a gift from Trog
 22333 | Swamp:1  | Received a gift from Trog
 23066 | Swamp:2  | Received a gift from Trog
 24321 | Swamp:3  | Identified a +0 pair of boots of running (You found it on level 3 of the Swamp)
 24847 | Swamp:3  | Noticed Jorgrun
 24853 | Swamp:3  | Killed Jorgrun
 25211 | Swamp:3  | Noticed a thorn hunter
 25218 | Swamp:3  | Killed a thorn hunter
 25631 | Snake:1  | Entered Level 1 of the Snake Pit
 25651 | Snake:1  | Reached XP level 15. HP: 105/139 MP: 10/14
 26227 | Snake:1  | Reached skill level 15 in Fighting
 26506 | Snake:1  | Got a smoking halberd
 26507 | Snake:1  | Identified the +4 halberd "Ezapsogi" {chop, *Slow rC+ Dex+3 Stlth+} (You found it on level 1 of the Snake Pit)
 26574 | Snake:1  | Received a gift from Trog
 26680 | Snake:1  | Reached skill level 15 in Armour
 28570 | Snake:2  | HP: 10/216 [naga warrior/scimitar (1)]
 28581 | Snake:2  | HP: 1/144 [salamander/spear (9)]
 28581 | Snake:2  | Slain by a salamander

Vault maps used:
D:1:      enne_arrival_octagon_isle, minmay_misc_feat_alley, minmay_pentomino_w2
D:2:      uniq_crazy_yiuf_cottage
D:4:      minmay_temple_entry_glass, first_bread, dk_noncrumbling_2,
          kennysheep_generic_room_4, uniq_sigmund
D:5:      portal_sewer_entry_f
D:6:      minmay_crystal_room, uniq_duvessa
D:7:      grunt_livestock
D:8:      nicolae_ru_great_annihilating_truth
D:9:      david_lair_shrubbed, orc_0_dummy, serial_bayou, serial_bayou_crossing,
          serial_bayou_shore_b, serial_bayou_shore_b, serial_bayou_pond_d
Temple:   compressed_dpeg_triangle_lava_temple
Lair:1:   statuecave_lemuel, grunt_megastairs_4, lemuel_fruit_tree
Lair:2:   hibernation_bobbens, serial_bayou_shore_a, uniq_urug
Lair:3:   nicolae_swamp_entry_splash_gauntlet, infiniplex_staircase_pool_2,
          serial_bayou_shore_b, uniq_gastronok
Lair:4:   guppyfry_snake_entry_island
Lair:5:   regret_index_tunnel_blossom, nicolae_volcano_entry_batcave,
          lemuel_oklob_altar
Swamp:1:  cheibrodos_swamp_tower_of_moss, evilmike_swamp_ruin_house_4,
          swamp_pool2
Swamp:2:  evilmike_swamp_ruin_rubble_1, swamp_pool2, cheibrodos_swamp_kobolds
Swamp:3:  serial_swamp_ruin, evilmike_swamp_ruin_house_1,
          evilmike_swamp_ruin_house_5, evilmike_swamp_ruin_rubble_2,
          uniq_jorgrun
Snake:1:  grunt_megastairs_1
Orc:2:    st_orc_town
Sewer:    sewer_kobolds
Volcano:  volcano_overflow

Skill      XL: |  1  2  3  4  5  6  7  8  9 10 11 12 13 14 15 |
---------------+----------------------------------------------+-----
Axes           | 4 5 6 7 8 9 11 12 14 16 18 | 18.4
Fighting       | 4 7 9 11 12 14 16 | 16.2
Armour         | 3 6 9 11 12 14 15 | 15.8
Bows           | 5 7 |  7.8
Dodging        | 6 8 |  8.1
Crossbows      | 6 9 |  9.0

Action                   |  1- 3 |  4- 6 |  7- 9 | 10-12 | 13-15 || total
-------------------------+-------+-------+-------+-------+-------++-------
Melee: Hand axe          |    78 |   111 |   270 |   415 |       ||   874
       Headbutt          |     6 |    17 |    46 |   133 |   208 ||   410
       Broad axe         |       |       |       |    53 |   804 ||   857
       Dire flail        |       |       |       |    19 |       ||    19
       Scimitar          |       |       |       |       |     5 ||     5
       Scythe            |       |       |       |       |   112 ||   112
 Fire: Shortbow          |       |       |       |    55 |    28 ||    83
       Arbalest          |       |       |       |       |   192 ||   192
Throw: Stone             |       |    10 |       |       |       ||    10
       Throwing net      |       |     1 |       |       |       ||     1
       Javelin           |       |       |     3 |       |       ||     3
Invok: Berserk           |       |     1 |     1 |     4 |     5 ||    11
       Brothers in Arms  |       |       |       |     1 |     3 ||     4
       Trog's Hand       |       |       |       |       |     2 ||     2
  Use: Scroll            |       |     6 |     7 |     5 |    18 ||    36
       Potion            |       |       |       |     3 |     5 ||     8
 Stab: Distracted        |       |       |       |       |     2 ||     2
  Eat: Chunk             |     1 |     6 |    16 |    26 |    32 ||    81
       Royal jelly       |       |       |       |       |     9 ||     9
Armor: Animal skin       |    18 |       |       |       |       ||    18
       Chain mail        |    22 |    44 |       |       |       ||    66
       Scale mail        |       |     4 |    69 |       |       ||    73
       Plate armour      |       |       |    32 |   237 |   324 ||   593
       Swamp dragon scal |       |       |       |       |   136 ||   136
Dodge: Dodged            |    42 |    48 |   114 |   119 |   556 ||   879
Block: Buckler           |       |       |       |     4 |       ||     4
